 Dungeon Crawl Stone Soup version 0.29-a0-330-g52719c12eb (webtiles) character file.

Game seed: 7301233389301489563

139 sking99 the Ruffian (level 5, -1/61 HPs)
             Began as a Draconian Transmuter on May 18, 2022.
             Slain by Robin
             ... wielding a +3 short sword
              (4 damage)
             ... on level 2 of the Dungeon.
             The game lasted 00:04:33 (1604 turns).

sking99 the Ruffian (Draconian Transmuter)          Turns: 1604, Time: 00:04:33

Health: -1/61      AC:  5    Str: 14    XL:     5   Next: 1%
Magic:  5/8        EV: 12    Int: 13    God:
Gold:   62         SH:  0    Dex: 12    Spells: 2/9 levels left

rFire   . . .      SeeInvis .     - Unarmed
rCold   . . .      Faith    .   (no shield)
rNeg    . . .      Spirit   .   (body armour unavailable)
rPois   .          Reflect  .   (helmet restricted)
rElec   .          Harm     .   (no cloak)
rCorr   .          Rampage  .   (no gloves)
Will    .....                   (no boots)
Stlth   ..........              (no amulet)
HPRegen 0.20/turn               (no ring)
MPRegen 0.11/turn               (no ring)

@: berserking, attractive, hasted, very quick
A: AC +5, unfitting armour, cold-blooded
a: no special abilities


You were on level 2 of the Dungeon.
You visited 1 branch of the dungeon, and saw 2 of its levels.

You collected 62 gold pieces.

Inventory:

Missiles
 b - a throwing net
Scrolls
 c - 3 scrolls of teleportation {unknown}
 d - a scroll of noise {unknown}
 h - a scroll of fog {unknown}
 i - 2 scrolls of blinking {unknown}
 j - a scroll of vulnerability {unknown}
 k - a scroll of fear {unknown}
Potions
 a - a potion of attraction
 e - a potion of haste
 g - a potion of heal wounds {unknown}
 l - a potion of curing {unknown}
 m - a potion of might {unknown}


   Skills:
 - Level 1.7 Fighting
 - Level 1.7 Dodging
 + Level 4.1 Unarmed Combat
 - Level 2.5 Spellcasting
 * Level 2.5 Necromancy
 - Level 2.5 Transmutations


You had 2 spell levels left.
You knew the following spells:

 Your Spells              Type           Power      Damage    Failure   Level
a - Beastly Appendage     Tmut           16%        N/A       9%          1
b - Animate Skeleton      Necr           16%        N/A       9%          1
c - Wereblood             Tmut           8%         N/A       13%         2
d - Vampiric Draining     Necr           8%         2d6       26%         3

Your spell library contained the following spells:

 Spells                   Type           Power      Damage    Failure   Level
 Pain                     Necr           32%        1d5       9%          1
 Apportation              Tloc           2%         N/A       24%         1
 Spider Form              Tmut/Pois      4%         N/A       41%         3
 Ice Form                 Ice/Tmut       4%         N/A       82%         4
 Alistair's Intoxication  Tmut/Pois      2%         N/A       99%         5


Dungeon Overview and Level Annotations

Branches:
Dungeon (2/15)

Altars:

Shops:
D:1 (

Annotations:
D:2 Robin


Innate Abilities, Weirdness & Mutations

Your plain brown scales are hard. (AC +5)
You cannot fit into any form of body armour.
You are cold-blooded and may be slowed by cold attacks.


Message History

Robin throws the goblin at you! The goblin hits you but does no damage.
Robin is attracted toward you.
It was a potion of haste.
You feel yourself speed up. The adder bites you but does no damage.
Robin roars a battlecry!
The goblins go into a battle-frenzy!
The goblin hits you but does no damage. The goblin barely misses you. x2
Your goblin skeleton barely misses the adder.
The adder barely misses you.
You hit the goblin but do no damage. You punch the goblin.
You kill the goblin!
Robin throws the goblin at you! The goblin barely misses you.
The goblin hits you with a +0 club.
* * * LOW HITPOINT WARNING * * *
Your goblin skeleton barely misses the adder.
It was a potion of berserk rage.
A red film seems to cover your vision as you go berserk!
You feel yourself moving faster!
You feel mighty! The adder closely misses you.
The goblin closely misses you. x2
You punch the goblin!
You kill the goblin!
The adder closely misses you.
Your goblin skeleton barely misses the adder.
You punch the goblin!
You kill the goblin!
The adder bites you but does no damage. Robin closely misses you.
You closely miss the adder.
The adder is heavily wounded.
The adder closely misses you.
You punch the adder!
You kill the adder!
Robin closely misses you.
Your magical contamination has completely faded away.
You have reached level 5!
You punch Robin!
Robin is severely wounded.
You hit Robin but do no damage.
Your tail-slap misses Robin.
Robin is severely wounded.
Robin hits you with a +3 short sword.
You die...

####.####.##.....# #.#
#.##...#.# #.# #........# #.#
######.### #.# ##+## # #.#
##...### #.# ##.....##
####.## ##.......#
#g#########†@)..####.........
.g....÷))).gZ).....'.........
.g#########.#...####.........
###.##.## ##.......# #.....##
##.....## #.....# ##...###
#.....# ##+## #.....#
#.....###


You could see Robin (ally target) and a friendly goblin skeleton.

Vanquished Creatures
  A scorpion (D:2)
  4 adders (D:2)
  A dart slug (D:2)
  2 ball pythons (D:1)
  8 bats
  2 giant cockroaches
  12 goblins
  A hobgoblin (D:1)
  3 jackals (D:1)
  2 kobolds (D:1)
  4 frilled lizards (D:1)
  A rat (D:1)
41 creatures vanquished.

Vanquished Creatures (collateral kills)
  A goblin (D:2)
1 creature vanquished.

Grand Total: 42 creatures vanquished

Notes
Turn   | Place    | Note
-------+----------+-------------------------------------------
     0 | D:1      | sking99 the Draconian Transmuter began the quest for the
                  | Orb.
     0 | D:1      | Reached XP level 1. HP: 16/16 MP: 3/3
     8 | D:1      | Found Juan's Weapon Shop.
   195 | D:1      | Reached XP level 2. HP: 22/23 MP: 3/5
   447 | D:1      | Learned a level 1 spell: Animate Skeleton
   450 | D:1      | Learned a level 2 spell: Wereblood
  1151 | D:2      | Reached XP level 3. HP: 29/29 MP: 4/6
  1181 | D:2      | Reached skill level 1 in Necromancy
  1462 | D:2      | Noticed a scorpion
  1469 | D:2      | Killed a scorpion
  1470 | D:2      | Reached XP level 4. HP: 36/36 MP: 7/7
  1474 | D:2      | Learned a level 3 spell: Vampiric Draining
  1559 | D:2      | Noticed Robin
  1562 | D:2      | Reached skill level 4 in Unarmed Combat
  1597 | D:2      | HP: 1/36 [goblin/+0 club[Robin] (5)]
  1603 | D:2      | Reached XP level 5. HP: 3/41 MP: 4/8
  1604 | D:2      | Slain by Robin

Illustrated notes

Levels and vault maps discovered:
D:1:      dpeg_arrival_arbitrary_c, layout_basic, serial_shops, shop_fountains
D:2:      layout_loops_corners, grunt_ministairs_14, uniq_sigmund, uniq_robin

Skill      XL: |  1  2  3  4 |
---------------+-------------+-----
Necromancy     | 2 |  2.5
Unarmed Combat | 4 |  4.1
Fighting       | |  1.7
Dodging        | |  1.7
Spellcasting   | |  2.5
Transmutations | |  2.5

Action                   |  1- 3 |  4- 6 || total
-------------------------+-------+-------++-------
Melee: Unarmed           |    97 |    31 ||   128
       Tailslap          |    10 |       ||    10
       Kick              |     5 |     3 ||     8
       Punch             |     1 |     1 ||     2
       Headbutt          |     3 |     1 ||     4
 Cast: Beastly Appendage |     7 |     1 ||     8
       Animate Skeleton  |     7 |     3 ||    10
  Use: Potion            |     1 |     3 ||     4
 Stab: Distracted        |       |     1 ||     1
Armor: Skin              |    28 |    22 ||    50
Dodge: Dodged            |    73 |    29 ||   102

Table legend: (Time is in decaauts)
 A = Elapsed time spent in this place.
 B = Non-inter-level travel time spent in this place.
 C = Inter-level travel time spent in this place.
 D = Time resting spent in this place.
 E = Time spent auto-exploring this place.
 F = Levels seen in this place.
 G = Mean time per level.
                   A        B        C        D        E       F      G
               +--------+--------+--------+--------+--------+-----+--------+
         Total |   1592 |   1553 |     39 |    315 |    910 |   2 |  796.0 |
       Dungeon |   1592 |   1553 |     39 |    315 |    910 |   2 |  796.0 |
               +--------+--------+--------+--------+--------+-----+--------+

Top non-repeatable levels by time:
     D:1: 1135 daAuts
     D:2: 456 daAuts
